AoeStats
← 耿信

Arabia

504188946Analyzed
2v2 RM · 29d ago on Sep 4, 2026· 33m 37s· 4 players
Game mode
Random Map
Map size
Medium (4 player)
Population
200
Speed
Normal
Resources
Standard
Victory
Conquest
Starting age
Dark Age
Ending age
Imperial Age
RankedLock teamsTeams togetherTeam positionsShared explorationLock speedFull tech treeHidden civsTurbo modeCheats
Victory
Defeat
🇦🇺 Britons · Australia
617
+8
🇦🇺 Ethiopians · Australia
612
+8
🇨🇳 Huns · China
441
-9
🇩🇪 Chinese · Germany
387
-7
SAKB-SAHI
12:58 Feudal Age
18:51 Horse Collar
18:58 Double-Bit Axe
29:34 Castle Age
耿信
12:41 Feudal Age
14:02 Wheelbarrow
13:15 Double-Bit Axe
13:24 Gold Mining
13:26 Stone Mining
20:07 Castle Age
19:16 Scale Barding Armor
19:24 Forging
Quodgefelf
6:16 Loom
12:43 Feudal Age
17:14 Padded Archer Armor
19:29 Fletching
25:32 Castle Age
26:40 Crossbowman
27:40 Leather Archer Armor
27:24 Bodkin Arrow
BIG
8:31 Loom
10:27 Feudal Age
11:07 Double-Bit Axe
18:27 Fletching
22:47 Castle Age
22:11 Gold Mining
22:33 Padded Archer Armor
22:58 Crossbowman
23:46 Thumb Ring
26:28 Bodkin Arrow
31:10 Leather Archer Armor
Connection lost

Rejoining the realm…

Still unreachable

The connection could not be restored.

Session expired

The server has moved on; the page needs a fresh start.